 Dungeon Crawl Stone Soup version 0.23-a0-619-g281719c (webtiles) character file.

5 Lavandula the Sneak (level 1, -3/11 HPs)
             Began as a Halfling Enchanter on Dec 22, 2018.
             Splashed by a jelly's acid (7 damage)
             ... on level 2 of the Dungeon.
             The game lasted 00:02:46 (339 turns).

Lavandula the Sneak (Halfling Enchanter)             Turns: 339, Time: 00:03:10

Health: -3/11      AC: -2    Str:  9    XL:     1   Next: 88%
Magic:  3/3        EV: 15    Int: 13    God:
Gold:   13         SH:  0    Dex: 14    Spells: 2/3 levels left

rFire    . . .     SeeInvis .   a - +1 dagger
rCold    . . .     Gourm    .   (shield restricted)
rNeg     . . .     Faith    .   b - +0 robe
rPois    .         Spirit   .   (no helmet)
rElec    .         Reflect  .   (no cloak)
rCorr    .         Harm     .   (no gloves)
MR       .....                  (no boots)
Stlth    ++........             (no amulet)
HPRegen  0.03/turn              (no ring)
MPRegen  0.08/turn              (no ring)

@: corroded
A: small, mutation resistance 1
a: no special abilities


You were on level 2 of the Dungeon.
You were not hungry.

You visited 1 branch of the dungeon, and saw 3 of its levels.

You collected 13 gold pieces.

Inventory:

Hand Weapons
 a - a +1 dagger (weapon)
Missiles
 c - 13 sling bullets
 e - 2 tomahawks (quivered)
Armour
 b - a +0 robe (worn)
Potions
 f - a potion of flight {unknown}
Comestibles
 d - 2 rations


   Skills:
 + Level 2.2 Short Blades
 - Level 2.1 Dodging
 - Level 3.2 Stealth
 - Level 1.5 Spellcasting
 - Level 2.4 Hexes


You had 2 spell levels left.
You knew the following spells:

 Your Spells              Type           Power        Failure   Level  Hunger
a - Corona                Hex            #......      10%         1    ##.....

Your spell library contained the following spells:

 Spells                   Type           Power        Failure   Level  Hunger
 Ensorcelled Hibernation  Hex/Ice        #.....       24%         2    ###....
 Confuse                  Hex            #.......     30%         3    ####...
 Tukima's Dance           Hex            #.......     30%         3    ####...
 Dazzling Spray           Conj/Hex       #.....       43%         3    ####...


Dungeon Overview and Level Annotations

Branches:
Dungeon (3/15)

Altars:


Innate Abilities, Weirdness & Mutations

You are small and have problems with some larger weapons.
You are somewhat resistant to further mutation.


Message History

You kill the bat!
You now have 13 gold pieces.
Found a club and 22 arrows.
Found a stone staircase leading down.
There is a stone staircase leading down here.
You start resting.
HP restored.
You climb downwards.
A jelly comes into view.
The frilled lizard bites you.
Found 24 gold pieces.
There is a stone staircase leading up here.
You hit the frilled lizard.
You kill the frilled lizard!
The helpless jelly fails to defend itself.
You puncture the jelly!
Your hands burn!
The jelly is almost dead.
The jelly hits you. The acid corrodes you!
You are splashed with acid!
The acid burns!
Ouch! That really hurt!
You die...

#..#####.<.## #..# ^#..
##.....†>...###.####.#.#
.#####..###.#(..#......#
.w.....####............#
..##....##......>....#
#######.#..###.<†....#
...####......##
#..##..$......#
#...#####.J@...# #..S#
#..!...# ..# #..........
.#. #$......###
#.......# .....####
.#...## .......


You could see a jelly.

Vanquished Creatures
  A quokka (D:2)
  2 bats (D:1)
  A frilled lizard (D:2)
  A kobold (D:1)
  2 rats
7 creatures vanquished.

Notes
Turn   | Place    | Note
-------+----------+-------------------------------------------
     0 | D:1      | Lavandula the Halfling Enchanter began the quest for the
                  | Orb.
     0 | D:1      | Reached XP level 1. HP: 11/11 MP: 3/3
   334 | D:2      | Noticed a jelly
   339 | D:2      | Splashed by a jelly's acid

Vault maps used:
D:1:      erik_arrival_blinker_ship
D:2:      first_ration, uniq_sigmund
D:3:      grunt_gozag_statues, marbit_many_paths, uniq_natasha

Skill      XL: |  1 |
---------------+----+-----
Short Blades   | 2 |  2.2
Dodging        | |  2.1
Stealth        | |  3.2
Spellcasting   | |  1.5
Hexes          | |  2.4

Action                   || total
-------------------------++-------
Melee: Dagger            ||    19
 Cast: Corona            ||     5
 Stab: Sleeping          ||     1
Armor: Robe              ||     4
Dodge: Dodged            ||     9

Table legend:
 A = Non-vault XP
 B = Vault XP
 C = Vault XP percentage of total XP
 D = Non-vault monster count
 E = Vault monster count
 F = Vault count percentage of total count
                 A         B        C        D         E       F
            +---------+---------+-------+---------+---------+-------
      Total |       8 |       0 |   0.0 |       7 |       0 |   0.0
            +---------+---------+-------+---------+---------+-------
        D:1 |       4 |       0 |   0.0 |       4 |       0 |   0.0
        D:2 |       4 |       0 |   0.0 |       3 |       0 |   0.0
            +---------+---------+-------+---------+---------+-------
